AoeStats
← 1980195387

Arena

510291544Analyzed
2v2 RM · 21h ago on Sep 30, 2026· 45m 22s· 4 players
Game mode
Random Map
Map size
Medium (4 player)
Population
200
Speed
Normal
Resources
Standard
Victory
Conquest
Starting age
Dark Age
Ending age
Imperial Age
RankedLock teamsTeams togetherTeam positionsShared explorationLock speedFull tech treeHidden civsTurbo modeCheats
Victory
Defeat
🇨🇳 Khmer · China
430
+23
🇨🇳 Byzantines · China
429
+23
🇮🇹 Teutons · Italy
639
-25
🇨🇴 Byzantines · Colombia
536
-21
cristianfender77
0:49 Loom
15:25 Feudal Age
17:39 Double-Bit Axe
17:36 Horse Collar
21:02 Wheelbarrow
24:24 Castle Age
24:24 Wheelbarrow
24:07 Forging
23:47 Fletching
23:58 Padded Archer Armor
23:59 Scale Mail Armor
24:04 Scale Barding Armor
26:04 Caravan
27:09 Bow Saw
27:03 Heavy Plow
30:39 Hand Cart
31:23 Iron Casting
30:44 Bodkin Arrow
31:04 Leather Archer Armor
31:05 Chain Mail Armor
38:21 Imperial Age
38:03 Ballistics
38:21 Chain Barding Armor
37:48 Crossbowman
38:34 Thumb Ring
40:12 Chemistry
38:38 Arbalester
39:03 Pikeman
39:44 Squires
39:30 Arson
39:30 Gambesons
40:55 Two-Man Saw
40:15 Bracer
40:46 Ring Archer Armor
vasia003
0:30 Loom
12:09 Feudal Age
19:59 Castle Age
18:38 Double-Bit Axe
19:32 Horse Collar
29:23 Imperial Age
HANA
12:34 Feudal Age
13:03 Horse Collar
13:10 Double-Bit Axe
16:05 Wheelbarrow
18:22 Castle Age
16:52 Gold Mining
18:40 Scale Mail Armor
18:53 Forging
19:44 Bow Saw
19:52 Hand Cart
21:52 Loom
25:18 Stone Mining
26:04 Gold Shaft Mining
25:40 Heavy Plow
33:28 Ballistics
35:44 Chain Mail Armor
36:07 Iron Casting
35:24 Fletching
35:45 Scale Barding Armor
35:46 Murder Holes
39:01 Imperial Age
38:58 Bodkin Arrow
39:23 Chain Barding Armor
41:03 Guilds
42:05 Stone Shaft Mining
41:00 Capped Ram
42:11 Logistica
41:25 Elite Cataphract
43:51 Chemistry
42:39 Arrowslits
43:50 Crop Rotation
43:44 Bracer
45:38 Husbandry
1980195387
12:47 Feudal Age
15:36 Castle Age
13:44 Double-Bit Axe
14:04 Horse Collar
16:28 Wheelbarrow
17:00 Bow Saw
18:26 Hand Cart
20:29 Heavy Plow
24:01 Stone Mining
24:01 Gold Mining
27:08 Gold Shaft Mining
27:08 Stone Shaft Mining
26:50 Husbandry
27:01 Scale Barding Armor
29:10 Hand Cart
29:23 Loom
30:32 Bloodlines
33:51 Chain Barding Armor
33:22 Fletching
37:00 Imperial Age
37:15 Tusk Swords
37:16 Bodkin Arrow
37:35 Forging
38:08 Conscription
38:27 Hoardings
38:32 Plate Barding Armor
38:35 Crop Rotation
37:53 Heavy Scorpion
39:04 Ballistics
39:48 Chemistry
38:59 Masonry
40:40 Bracer
41:19 Iron Casting
42:34 Double Crossbow
43:52 Blast Furnace
46:19 Architecture
45:45 Murder Holes
45:21 Elite Battle Elephant
Connection lost

Rejoining the realm…

Still unreachable

The connection could not be restored.

Session expired

The server has moved on; the page needs a fresh start.